 Dungeon Crawl Stone Soup version 0.17-a0-1718-g72dbe4d (webtiles) character file.

15 Gargoyl the Skirmisher (level 2, 0/24 HPs)
             Began as a Demonspawn Abyssal Knight on Aug 25, 2015.
             Was a Follower of Lugonu.
             Slain by a kobold
             ... wielding a +0 dagger
              (4 damage)
             ... on level 1 of the Dungeon.
             The game lasted 00:01:33 (790 turns).

Gargoyl the Skirmisher (Demonspawn Abyssal Knight)   Turns: 790, Time: 00:01:33

Health: 0/24       AC:  3    Str: 12    XL:     2   Next: 34%
Magic:  3/3        EV: 11    Int: 13    God:    Lugonu [*.....]
Gold:   20         SH:  0    Dex: 12    Spells: 0 memorised, 1 level left

rFire  + . .     SeeInvis .     a - +1 hand axe
rCold  + . .     Clarity  .     b - +0 leather armour
rNeg   . . .     SustAt   .     (no shield)
rPois  +         Gourm    .     (helmet restricted)
rElec  +         Spirit   .     (no cloak)
rCorr  +         Warding  .     (no gloves)
rMut   .         Stasis   .     (no boots)
MR     .....                    (no amulet)
Stlth  +.........               (no ring)
                                (no ring)

@: resistant, not resistant to hostile enchantments, very unstealthy
A: antennae 1, low mp 1, slow healing 1
a: Depart the Abyss, Renounce Religion


You were on level 1 of the Dungeon.
You worshipped Lugonu.
Lugonu was aware of your devotion.
You were not hungry.

You visited 1 branch of the dungeon, and saw 1 of its levels.
You visited the Abyss 1 time.

You collected 20 gold pieces.

Inventory:

Hand weapons
 a - a +1 hand axe (weapon)
Armour
 b - a +0 leather armour (worn)
Scrolls
 h - a scroll of noise {unknown}
 i - a scroll of identify {unknown}
Potions
 e - a potion of haste {unknown}
Comestibles
 c - a bread ration
 f - a beef jerky
 g - a chunk of flesh


   Skills:
 + Level 3.3 Fighting
 + Level 1.9 Axes
 + Level 1.8 Armour
 + Level 1.0 Dodging
 + Level 2.9 Invocations


You had one spell level left.
You didn't know any spells.

Dungeon Overview and Level Annotations

Branches:
Dungeon (1/15)

Altars:


Innate Abilities, Weirdness & Mutations

You have a pair of small antennae on your head.
[Your magical capacity is low (-10% MP).]
[You heal slowly when monsters are visible.]


Message History

The gnoll hits you from afar with a halberd!
The rat bites you but does no damage.
You hit the kobold but do no damage.
The kobold is severely wounded.
You barely miss the rat.
The rat is heavily wounded.
The kobold barely misses you. The rat bites you but does no damage.
The gnoll hits you from afar with a halberd!
Ouch! That really hurt!
* * * LOW HITPOINT WARNING * * *
The kobold hits you but does no damage.
Use which ability? (? or * to list)
You can't do that.
Drink which item? (? for menu, Esc to quit)
It was a potion of resistance.
You feel protected. The rat bites you.
* * * LOW HITPOINT WARNING * * *
The gnoll closely misses you. The kobold hits you with a dagger.
You die...

....##.##.......##
.##..#.##.......#
#.......#.......#
#.....#.####.####
#..#......##.#
...####...##.#### .###
###.......# ##. .##
#.......###.....
.[########......@Kg.#
...........####..r......
..########## #..###...#.
..# ...## #... ### ....
.. ....## ( .... ###


You could see a gnoll, a kobold and a rat.

Vanquished Creatures
  A giant gecko (D:1)
  A goblin (D:1)
  2 hobgoblins (D:1)
  5 jackals (D:1)
  A ball python (D:1)
  A bat (D:1)
  A kobold (D:1)
  A rat (D:1)
13 creatures vanquished.

Vanquished Creatures (others)
  6 starspawn tentacles (Abyss:1)
  2 starspawn tentacle segments (Abyss:1)
8 creatures vanquished.

Grand Total: 21 creatures vanquished

Notes
Turn   | Place    | Note
--------------------------------------------------------------
     0 | Abyss:1  | Gargoyl the Demonspawn Abyssal Knight began the quest for the Orb.
     0 | Abyss:1  | Reached XP level 1. HP: 18/18 MP: 2/2
   119 | Abyss:1  | Noticed a tentacled starspawn
   130 | Abyss:1  | Found a corrupted altar of Lugonu.
   231 | Abyss:1  | Noticed a chaos spawn
   238 | Abyss:1  | Noticed a neqoxec
   239 | Abyss:1  | Noticed an iron imp
   246 | Abyss:1  | Noticed a wretched star
   249 | D:1      | Escaped the Abyss
   301 | D:1      | Acquired Lugonu's first power
   429 | D:1      | Reached skill level 1 in Dodging
   437 | D:1      | Gained mutation: You have a pair of small antennae on your head. [demonic ancestry]
   437 | D:1      | Reached XP level 2. HP: 9/24 MP: 3/3
   790 | D:1      | Slain by a kobold

Vault maps used:
D:1:      dpeg_arrival_court

Action                   || total
-------------------------++-------
Melee: Hand axe          ||    34
Invok: Depart the Abyss  ||     1
  Use: Potion            ||     1
